 Dungeon Crawl Stone Soup version 0.27-a0-637-g3a9f0a9c12 (webtiles) character file.

Game seed: 12828603304027949819

74 thorgi the Insei (level 4, 35/35 HPs)
             Began as a Demonspawn Monk on Mar 15, 2021.
             Quit the game on level 3 of the Dungeon on May 10, 2022.
             The game lasted 00:18:09 (2403 turns).

thorgi the Insei (Demonspawn Monk)                  Turns: 2403, Time: 00:18:10

Health: 35/35      AC:  5    Str: 12    XL:     4   Next: 9%
Magic:  4/4        EV: 12    Int: 11    God:
Gold:   147        SH:  0    Dex: 16    Spells: 2/3 levels left

rFire    . . .     SeeInvis .     - Unarmed
rCold    . . .     Faith    .   (no shield)
rNeg     . . .     Spirit   .   h - +0 leather armour
rPois    .         Reflect  .   (helmet restricted)
rElec    .         Harm     .   (no cloak)
rCorr    .         Rampage  .   (no gloves)
Will     .....                  (no boots)
Stlth    ++........             (no amulet)
HPRegen  0.11/turn              (no ring)
MPRegen  0.09/turn              (no ring)

@: no status effects
A: antennae 1, iridescent scales 1
a: no special abilities


You were on level 3 of the Dungeon.
You visited 1 branch of the dungeon, and saw 3 of its levels.

You collected 147 gold pieces.

Inventory:

Hand Weapons
 p - a +0 hunting sling
 t - a +0 dagger of freezing
Missiles
 b - 2 boomerangs
 c - 3 atropa-tipped darts
 e - 3 javelins
 i - 11 bolts
 j - 113 stones (quivered)
Armour
 a - a +0 robe
 g - a scarf of shadows
 h - a +0 leather armour (worn)
 o - a +0 buckler
Scrolls
 d - 2 scrolls of noise {unknown}
 f - 3 scrolls of magic mapping
 k - 3 scrolls of identify
 l - a scroll of random uselessness {unknown}
 m - a scroll of immolation {unknown}
 n - a scroll of enchant armour {unknown}
 r - a scroll of enchant weapon {unknown}
Potions
 q - 3 potions of curing
 s - a potion of mutation {unknown}


   Skills:
 - Level 3.0 Fighting
 + Level 3.2 Dodging
 - Level 2.1 Stealth
 - Level 4.0 Unarmed Combat


You had 2 spell levels left.
You knew the following spells:

 Your Spells              Type           Power      Damage    Failure   Level
a - Beastly Appendage     Tmut           0%         N/A       41%         1

Your spell library contained the following spells:

 Spells                   Type           Power      Damage    Failure   Level
 Wereblood                Tmut           0%         N/A       56%         2
 Spider Form              Tmut/Pois      0%         N/A       80%         3
 Ice Form                 Ice/Tmut       0%         N/A       99%         4
 Blade Hands              Tmut           0%         N/A       100%        5


Dungeon Overview and Level Annotations

Branches:
Dungeon (3/15)

Altars:


Innate Abilities, Weirdness & Mutations

You have a pair of small antennae on your head.
You are partially covered in iridescent scales. (AC +2)


Message History

You closely miss the goblin.
The goblin is heavily wounded.
The goblin hits you with a +0 dagger of freezing.
The goblin freezes you.
You hit the goblin.
You kill the goblin!
Things that are here:
a +0 dagger of freezing; a goblin corpse Unknown command.
t - a +0 dagger of freezing You sense a monster nearby.
d - 2 scrolls labelled NERAON RIAWIG (gained 1)
A hobgoblin comes into view.
The helpless hobgoblin fails to defend itself.
You hit the hobgoblin.
The hobgoblin is almost dead.
The hobgoblin barely misses you.
You hit the hobgoblin but do no damage.
The hobgoblin is almost dead.
The hobgoblin hits you.
You closely miss the hobgoblin.
The hobgoblin is almost dead.
The hobgoblin barely misses you.
You hit the hobgoblin.
You kill the hobgoblin!
You see here a hobgoblin corpse.
You pick up a book of Changes and begin reading...
You add the spells Beastly Appendage, Wereblood, Spider Form, Ice Form and Blade Hands to your library.
Okay, then.
Okay, then.
Okay, then.
Okay, then.
Memorise Beastly Appendage, consuming 1 spell level and leaving 2?
You start memorising the spell.
You continue memorising.
You finish memorising.
Spell assigned to 'a'.
Okay, then.
Welcome back, thorgi the Demonspawn Monk.
Press ? for a list of commands and other information.
Okay, then.
Are you sure you want to abandon this character and quit the game? (Confirm with "yes".)

####.# #.##. #....# #.###
#.#### #.### #. #.# #.... #.
#.# ##### ### .#### #.# #
#.. ....# #.# ## #.# #.#.#
#.#### ##. ##.###.#@#
#.##.## ##..
####...#..#.####.#...####...
+.......................')..
####...#.##.####.....####...
##.##.##.# #....## ##..
#.†.....# #...## ##.
####.#### ##)## ## #.# #.# #
#.# #.#


There were no monsters in sight!

Vanquished Creatures
  2 adders (D:2)
  A worm (D:2)
  3 dart slugs (D:1)
  3 orcs (D:3)
  4 giant cockroaches (D:1)
  7 goblins
  7 hobgoblins
  3 bats
  4 frilled lizards
  5 kobolds
  A rat (D:1)
40 creatures vanquished.

Vanquished Creatures (others)
  2 plants (D:2)
2 creatures vanquished.

Grand Total: 42 creatures vanquished

Notes
Turn   | Place    | Note
-------+----------+-------------------------------------------
     0 | D:1      | thorgi the Demonspawn Monk began the quest for the Orb.
     0 | D:1      | Reached XP level 1. HP: 18/18 MP: 1/1
    26 | D:1      | Reached skill level 3 in Unarmed Combat
   141 | D:1      | Gained mutation: You are partially covered in iridescent
                  | scales. (AC +2) [demonic ancestry]
   141 | D:1      | Reached XP level 2. HP: 19/24 MP: 2/2
  1180 | D:2      | Reached skill level 4 in Unarmed Combat
  1180 | D:2      | Gained mutation: You have a pair of small antennae on your
                  | head. [demonic ancestry]
  1180 | D:2      | Reached XP level 3. HP: 26/29 MP: 3/3
  2236 | D:3      | Reached XP level 4. HP: 35/35 MP: 4/4
  2247 | D:3      | Found a faded altar of an unknown god.
  2403 | D:3      | Learned a level 1 spell: Beastly Appendage
  2403 | D:3      | Quit the game

Illustrated notes

Levels and vault maps discovered:
D:1:      erik_arrival_triangle_medium, layout_rooms, minmay_nonomino_d4
D:2:      wad_lake_hut, layout_basic
D:3:      layout_loops_corners, chequers_ecumenical_altar_simple,
          cheibrodos_gnoll_hut

Skill      XL: |  1  2  3 |
---------------+----------+-----
Unarmed Combat | 3 4 |  4.0
Stealth        | 2 |  2.1
Dodging        | 3 |  3.2
Fighting       | |  3.0

Action                   |  1- 3 |  4- 6 || total
-------------------------+-------+-------++-------
Melee: Unarmed           |   131 |    14 ||   145
       Punch             |     1 |       ||     1
Throw: Stone             |     9 |       ||     9
  Use: Scroll            |     3 |       ||     3
 Stab: Sleeping          |     3 |     1 ||     4
Armor: Robe              |     7 |       ||     7
       Leather armour    |    10 |     2 ||    12
Dodge: Dodged            |    71 |     4 ||    75

Table legend: (Time is in decaauts)
 A = Elapsed time spent in this place.
 B = Non-inter-level travel time spent in this place.
 C = Inter-level travel time spent in this place.
 D = Time resting spent in this place.
 E = Time spent auto-exploring this place.
 F = Levels seen in this place.
 G = Mean time per level.
                   A        B        C        D        E       F      G
               +--------+--------+--------+--------+--------+-----+--------+
         Total |   2431 |   2371 |     60 |    479 |   1236 |   3 |  810.3 |
       Dungeon |   2431 |   2371 |     60 |    479 |   1236 |   3 |  810.3 |
               +--------+--------+--------+--------+--------+-----+--------+

Top non-repeatable levels by time:
     D:2: 1342 daAuts
     D:1: 806 daAuts
     D:3: 283 daAuts
